 Dungeon Crawl Stone Soup version 0.31.0-32-g396128a36d (webtiles) character file.

Game seed: 6042048471512107182

196 imdaedric the Sneak (level 5, -6/27 HPs)
             Began as a Spriggan Brigand on Apr 24, 2024.
             Splashed by a jelly's acid (8 damage)
             ... on level 4 of the Dungeon.
             The game lasted 00:04:41 (2736 turns).

imdaedric the Sneak (Spriggan Brigand)              Turns: 2736, Time: 00:04:42

Health: -6/27      AC: -5    Str:  7    XL:     5   Next: 45%
Magic:  6/6        EV: 18    Int: 12    God:
Gold:   124        SH:  0    Dex: 19    Spells: 4/4 levels left

rFire   . . .        h - +0 dagger (venom)
rCold   . . .        (no shield)
rNeg    . . .        b - +0 robe
rPois   .            (helmet restricted)
rElec   .            c - +0 cloak
rCorr   .            (gloves unavailable)
SInv    +            (boots unavailable)
Will    .....        (no amulet)
Stlth   ++++         (no ring)
HPRegen 0.24/turn    (no ring)
MPRegen 0.10/turn

%: no passive effects
@: corroded, very quick
A: very small, no large weapons, unfitting armour, see invisible, speed 3
a: no special abilities


You were on level 4 of the Dungeon.
You visited 1 branch of the dungeon, and saw 4 of its levels.

You collected 124 gold pieces.

Inventory:

Hand Weapons
 h - a +0 dagger of venom (weapon)
 l - a +0 rapier
 n - a +3 dagger
Missiles
 d - 8 poisoned darts (quivered)
 e - 3 curare-tipped darts
Armour
 b - a +0 robe (worn)
 c - a +0 cloak (worn)
Jewellery
 f - a ring of magical power
Scrolls
 m - a scroll of poison
 o - a scroll of revelation
Potions
 a - a potion of cancellation {unknown}
 g - a potion of haste
 i - a potion of resistance
 j - a potion of attraction
 k - 2 potions of enlightenment
 p - a potion of berserk rage {unknown}
 q - a potion of brilliance {unknown}


   Skills:
 + Level 2.4 Fighting
 + Level 3.3 Short Blades
 + Level 3.1 Throwing
 + Level 3.3 Dodging
 + Level 7.0 Stealth


You had 4 spell levels left.
You didn't know any spells.
Your spell library contained the following spells:

 Spells                   Type           Power      Damage    Failure   Level
 Apportation              Tloc           0%         N/A       32%         1
 Necrotise                Necr           0%         1d4       32%         1
 Sting                    Conj/Alch      0%         1d3       32%         1
 Summon Small Mammal      Summ           0%         N/A       32%         1


Dungeon Overview and Level Annotations

Branches:
Dungeon (4/15)
 Temple: D:4-7

Altars:
Xom

Annotations:
D:2 1 runed translucent door, Crazy Yiuf


Innate Abilities, Weirdness & Mutations

You are very small and have problems with some larger weapons.
You are too small for most types of armour.
You have supernaturally acute eyesight. (SInv)
You cover ground extremely quickly. (Speed+++)


Message History

Done exploring.
Search for what [Enter for "."]? .
There is a stone staircase leading up here.
You climb upwards.
Level annotation: 1 runed translucent door, Crazy Yiuf
There is a stone staircase leading down here.
You climb downwards.
There is a stone staircase leading up here.
Done exploring.
Done exploring.
There is an escape hatch in the floor here.
There is a stone staircase leading down here.
You climb downwards.
There is a stone staircase leading up here.
A jelly is nearby!
A jelly is nearby!
Found a stone staircase leading down.
Found a stone staircase leading down.
The jelly quivers.
The jelly misses you.
You hit the jelly.
Your hands burn!
The jelly is lightly wounded.
The jelly misses you.
A jelly is nearby!
You hit the jelly but do no damage.
The jelly is poisoned.
Your hands burn!
The jelly is lightly wounded.
The jelly hits you. The acid corrodes you!
You are splashed with acid!
You are too injured to fight recklessly!
You are too injured to fight recklessly!
You are too injured to fight recklessly!
You hit the jelly.
Your hands burn!
* * * LOW HITPOINT WARNING * * *
The jelly is lightly wounded.
You hit the jelly but do no damage.
Your hands burn!
* * * LOW HITPOINT WARNING * * *
The jelly is lightly wounded.
The jelly hits you.
* * * LOW HITPOINT WARNING * * *
The acid corrodes you!
You are splashed with acid!
You die...

#### #.#
....##.# .....#
#..#######
..####..<.....#
........#####.#
..###.........#
#.....##..#
#..@...#
......J.......#
..............#
............>.#
..............#
..####...>....#
.. ......#..#
#.....#..#


You could see a jelly (poisoned).

Vanquished Creatures
  A hound (D:3)
  Terence (D:2)
  An orc wizard (D:3)
  4 adders
  2 dart slugs
  A ribbon worm (D:2)
  3 orcs (D:3)
  3 ball pythons
  3 bats
  6 endoplasms
  3 giant cockroaches (D:2)
  7 goblins
  4 hobgoblins
  9 jackals
  4 kobolds
  4 quokkas
  A frilled lizard (D:1)
  5 rats
62 creatures vanquished.

Notes
Turn   | Place    | Note
-------+----------+-------------------------------------------
     0 | D:1      | imdaedric the Spriggan Brigand began the quest for the Orb.
     0 | D:1      | Reached XP level 1. HP: 10/10 MP: 2/2
   143 | D:1      | Reached skill level 6 in Stealth
   147 | D:1      | Reached XP level 2. HP: 7/15 MP: 3/3
   482 | D:1      | Reached XP level 3. HP: 18/18 MP: 4/4
   948 | D:2      | Noticed Terence
   964 | D:2      | Killed Terence
   965 | D:2      | Reached XP level 4. HP: 15/23 MP: 5/5
  1016 | D:2      | Found a shimmering altar of Xom.
  1190 | D:2      | Found a runed translucent door.
  1191 | D:2      | Noticed Crazy Yiuf
  2015 | D:3      | Reached XP level 5. HP: 24/27 MP: 6/6
  2174 | D:3      | Reached skill level 7 in Stealth
  2736 | D:4      | Splashed by a jelly's acid

Illustrated notes

Levels and vault maps discovered:
D:1:      minmay_arrival_hallway, layout_loops_ring
D:2:      layout_loops_corners, serial_forest, infiniplex_forest_lined_ring,
          infiniplex_forest_straight_2, infiniplex_forest_end_2,
          infiniplex_forest_straight_2, infiniplex_forest_clump_small,
          basic_altar, minmay_hexomino_f4, uniq_crazy_yiuf_cottage, uniq_terence
D:3:      layout_loops_ring
D:4:      layout_basic, lemuel_round_altar, minmay_temple_entry_offerings

Skill      XL: |  1  2  3  4  5 |
---------------+----------------+-----
Stealth        | 6 7 |  7.0
Dodging        | 2 3 |  3.3
Fighting       | 2 |  2.4
Short Blades   | 3 |  3.3
Throwing       | 3 |  3.1

Action                     |  1- 3 |  4- 6 || total
---------------------------+-------+-------++-------
  Melee: Dagger            |    73 |    97 ||   170
         Punch             |     1 |       ||     1
  Throw: Dart              |       |     2 ||     2
    Use: Scroll            |     4 |     3 ||     7
         Potion            |     1 |       ||     1
   Stab: Sleeping          |    13 |    10 ||    23
 Armour: Robe              |    16 |    29 ||    45
  Dodge: Dodged            |    41 |    65 ||   106
